 Dungeon Sprint DCSS version 0.21.1-1-g345015f (webtiles) character file.

292 johnjohn the Fighter (level 6, -7/62 HPs)
             Began as a Hill Orc Fighter on May 13, 2018.
             Mangled by Sonja
             ... wielding a +2 dagger of distortion
              (17 damage)
             ... in the Dungeon (Sprint I: "Red Sonja").
             The game lasted 00:03:24 (689 turns).

johnjohn the Fighter (Hill Orc Fighter)              Turns: 689, Time: 00:03:25

Health: -7/62      AC: 10    Str: 21    XL:     6   Next: 33%
Magic:  6/6        EV:  7    Int:  8    God:
Gold:   162        SH: 10    Dex: 10    Spells: 5/5 levels left

rFire    . . .     SeeInvis .   a - +0 flail
rCold    . . .     Gourm    .   c - +0 shield
rNeg     . . .     Faith    .   n - +0 chain mail
rPois    .         Spirit   .   (no helmet)
rElec    .         Reflect  .   (no cloak)
rCorr    .         Harm     .   (no gloves)
MR       .....     NoTele   +   (no boots)
Stlth    ..........             (no amulet)
HPRegen  0.20/turn              (no ring)
MPRegen  0.10/turn              (no ring)

@: no status effects
A: no striking features
a: no special abilities


You were in the Dungeon.
You were not hungry.

You visited 1 branch You collected 162 gold pieces.

Inventory:

Hand Weapons
 a - a +0 flail (weapon)
Armour
 b - a +0 scale mail
 c - a +0 shield (worn)
 n - a +0 chain mail (worn)
Scrolls
 k - a scroll of blinking
 m - a scroll of fog {unknown}
Potions
 d - a potion of might
 e - a potion of curing
 g - a potion of heal wounds
 h - a potion of haste
 i - 2 potions of magic
 j - a potion of berserk rage
 l - a potion of degeneration {unknown}
Comestibles
 f - a ration


   Skills:
 + Level 8.9 Fighting
 + Level 6.4 Maces & Flails
 + Level 8.1 Armour
 + Level 1.6 Dodging
 + Level 7.3 Shields


You had 5 spell levels left.
You didn't know any spells.

Dungeon Overview and Level Annotations

Branches:
Dungeon (1/1)

Altars:
Sif Muna
Vehumet
Wu Jian

Annotations:
D Sonja


Message History

Sonja is lightly wounded.
Sonja hits you but does no damage.
You feel a strange sense of stasis.
Sonja hits you with an uncursed dagger of distortion.
You block Sonja's attack. Sonja hits you but does no damage.
Space bends around you. Sonja hits you but does no damage.
You feel a strange sense of stasis. Sonja hits you but does no damage.
Space bends around you.
You completely miss Sonja.
Sonja is lightly wounded.
Sonja barely misses you. You block Sonja's attack. x2
You closely miss Sonja.
Sonja is lightly wounded.
Sonja hits you with an uncursed dagger of distortion.
You feel a strange sense of stasis. You block Sonja's attack.
Sonja hits you but does no damage. Space bends around you.
You block Sonja's attack. Sonja hits you but does no damage.
Space warps horribly around you!
* * * LOW HITPOINT WARNING * * *
Sonja hits you but does no damage. Space warps horribly around you!
You die...

################
#<.#..').#..'..#
#..'[.#..').#..+
#..#####'#####'#
# #..# #..#
#.####§§ #..#
#### ##)#§§≈§c
#..# #+#§§§§§≈§§
#⌠⌠#
+...§#≈≈§.c#
####
#K@#'##+####
##'#.# #.### $.$
$.$ ##.## #+#


You could see Sonja.

Vanquished Creatures
  Sigmund (D)
  An ogre (D)
  A jelly (D)
  Ijyb (D)
4 creatures vanquished.

Notes
Turn   | Place    | Note
-------+----------+-------------------------------------------
     0 | D        | johnjohn the Hill Orc Fighter began the quest for the Orb.
     0 | D        | Reached XP level 1. HP: 19/19 MP: 1/1
     2 | D        | Noticed Ijyb
    21 | D        | Killed Ijyb
    21 | D        | Reached skill level 5 in Fighting
    21 | D        | Reached XP level 2. HP: 17/29 MP: 2/2
   248 | D        | Noticed an ogre
   257 | D        | Killed an ogre
   257 | D        | Reached skill level 1 in Dodging
   257 | D        | Reached skill level 5 in Shields
   257 | D        | Reached XP level 3. HP: 5/39 MP: 3/3
   257 | D        | Reached XP level 4. HP: 6/47 MP: 4/4
   538 | D        | Noticed Sigmund
   548 | D        | Killed Sigmund
   548 | D        | Reached XP level 5. HP: 42/56 MP: 5/5
   548 | D        | Reached XP level 6. HP: 47/62 MP: 6/6
   634 | D        | Found an ornate altar of the Wu Jian Council.
   634 | D        | Found a deep blue altar of Sif Muna.
   636 | D        | Found a radiant altar of Vehumet.
   662 | D        | Noticed a centaur warrior
   662 | D        | Noticed a centaur warrior
   684 | D        | Noticed Sonja
   689 | D        | Mangled by Sonja

Skill      XL: |  1  2  3  4  5  6 |
---------------+-------------------+-----
Fighting       | 5 7 8 |  8.9
Maces & Flails | 3 4 6 |  6.4
Armour         | 4 6 7 8 |  8.1
Shields        | 4 5 7 |  7.3
Dodging        | 1 |  1.6

Action                   |  1- 3 |  4- 6 || total
-------------------------+-------+-------++-------
Melee: Flail             |    26 |    17 ||    43
Armor: Scale mail        |     6 |       ||     6
       Chain mail        |       |     8 ||     8
Dodge: Dodged            |     7 |     7 ||    14
Block: Shield            |    12 |    11 ||    23
